EL
MANCHESTER FISHER CATS @ WATERBURY ROUGH RIDERS
05/06/1981
 
TOP OF THE 1ST
Manchester Fisher Cats batting - Pitching for Waterbury Rough Riders : LHP Ricky Mendoza
Pitching: LHP Ricky Mendoza
Batting: RHB Donell Nixon 0-0: Ball
1-0: Foul Ball, location: 2F
1-1: Ground out U3 (Groundball, 3S, EV 84.4 MPH)
Batting: RHB Reymundo Estevez 0-0: Foul Ball, location: 2F
0-1: Ground out 6-3 (Groundball, 6, EV 86.3 MPH)
Batting: RHB Tony Stevens 0-0: Called Strike
0-1: Swinging Strike
0-2: Ball
1-2: Ball
2-2: Foul Ball, location: 2F
2-2: DOUBLE (Line Drive, 3D, EV 94.4 MPH)
Batting: RHB Paul Croft 0-0: Swinging Strike
0-1: Ball
1-1: Ball
2-1: Ball
3-1: Base on Balls
Batting: SHB Danny Hernandez 0-0: Swinging Strike
0-1: Ball
1-1: Ball
2-1: Called Strike
2-2: Ground out 6-3 (Groundball, 6M, EV 85.6 MPH)
Top of the 1st over - 0 runs, 1 hit, 0 errors, 2 left on base; Manchester 0 - Waterbury 0
BOTTOM OF THE 1ST
Waterbury Rough Riders batting - Pitching for Manchester Fisher Cats : RHP Peter Teixeira
Pitching: RHP Peter Teixeira
Batting: LHB Mauricio Medina 0-0: Foul Ball, location: 2F
0-1: Ball
1-1: Foul Ball, location: 2F
1-2: Strikes out swinging
Batting: LHB Dale Holman 0-0: Ball
1-0: Called Strike
1-1: TRIPLE (Flyball, 89XD, EV 108.1 MPH)
Batting: RHB Jim Maler 0-0: Swinging Strike
0-1: Swinging Strike
0-2: Fly out, F7 (Line Drive, 7S, EV 95.6 MPH)
Batting: RHB Junior Ortiz 0-0: Ball
1-0: Called Strike
1-1: Foul Ball, location: 2F
1-2: Ball
Wild Pitch!
Dale Holman scores
2-2: Foul Ball, location: 2F
2-2: Foul Ball, location: 2F
2-2: Ground out 6-3 (Groundball, 6S, EV 86.9 MPH)
Bottom of the 1st over - 1 run, 1 hit, 0 errors, 0 left on base; Manchester 0 - Waterbury 1
TOP OF THE 2ND
Manchester Fisher Cats batting - Pitching for Waterbury Rough Riders : LHP Ricky Mendoza
Batting: LHB Mike Ciampa 0-0: Ball
1-0: Foul Ball, location: 2F
1-1: Ball
2-1: SINGLE (Line Drive, 7LS, EV 105.6 MPH)
Batting: LHB Tim Derryberry 0-0: Ball
Mike Ciampa steals 2nd base
1-0: Called Strike
1-1: Ball
2-1: Foul Ball, location: 2F
2-2: Foul Ball, location: 2F
2-2: Foul Ball, location: 2F
2-2: Ball
3-2: Strikes out swinging
Batting: RHB Alex Rodriguez 0-0: SINGLE (Groundball, 34D, EV 95.0 MPH)
Mike Ciampa to third
Runner from 3rd tries for Home, SAFE, throw by RF to home
Alex Rodriguez to second
Batting: LHB Herbert Orensky 0-0: Called Strike
0-1: Ball
1-1: Called Strike
1-2: Ground out 4-3 (Groundball, 34, EV 88.1 MPH)
Alex Rodriguez to third
Batting: RHB Donell Nixon 0-0: Ground out 5-3 (Groundball, 56, EV 89.4 MPH)
Top of the 2nd over - 1 run, 2 hits, 0 errors, 1 left on base; Manchester 1 - Waterbury 1
BOTTOM OF THE 2ND
Waterbury Rough Riders batting - Pitching for Manchester Fisher Cats : RHP Peter Teixeira
Batting: RHB David Corman 0-0: Ground out 6-3 (Groundball, 6, EV 105.6 MPH)
Batting: LHB Wilson Tucker 0-0: Called Strike
0-1: Ball
1-1: Called Strike
1-2: Strikes out swinging
Batting: RHB Daniel Purpura 0-0: Ball
1-0: Ball
2-0: Fly out, F7 (Flyball, 7LM, EV 88.8 MPH)
Bottom of the 2nd over - 0 runs, 0 hits, 0 errors, 0 left on base; Manchester 1 - Waterbury 1
TOP OF THE 3RD
Manchester Fisher Cats batting - Pitching for Waterbury Rough Riders : LHP Ricky Mendoza
Batting: RHB Reymundo Estevez 0-0: Swinging Strike
0-1: Ball
1-1: Ball
2-1: Ball
3-1: Base on Balls
Batting: RHB Tony Stevens 0-0: Ball
1-0: Foul Ball, location: 2F
1-1: Ball
2-1: Fly out, F7 (Flyball, 7LM, EV 82.5 MPH)
Batting: RHB Paul Croft 0-0: Ball
1-0: Foul Ball, location: 2F
1-1: Swinging Strike
1-2: Ball
2-2: Ball
3-2: Fly out, F6 (Popup, 6, EV 83.1 MPH)
Batting: SHB Danny Hernandez 0-0: Foul Ball, location: 2F
0-1: Foul Ball, location: 2RF, Error on foul ball, E2
0-2: Ball
1-2: Ball
2-2: Ball
3-2: Foul Ball, location: 2F
3-2: Ground out 6-3 (Groundball, 6M, EV 98.8 MPH)
Top of the 3rd over - 0 runs, 0 hits, 1 error, 1 left on base; Manchester 1 - Waterbury 1
BOTTOM OF THE 3RD
Waterbury Rough Riders batting - Pitching for Manchester Fisher Cats : RHP Peter Teixeira
Batting: RHB John Scoras 0-0: Called Strike
0-1: DOUBLE (Line Drive, 78D, EV 112.5 MPH)
Batting: RHB Jackie Gutierrez 0-0: Foul Ball, location: 2F
0-1: Foul Ball, location: 2F
0-2: Fly out, F7 (Flyball, 7LS, EV 95.6 MPH)
Batting: LHB Mauricio Medina 0-0: Called Strike
0-1: Foul Ball, location: 2F
0-2: Ball
1-2: Foul Ball, location: 2F
1-2: Ball
2-2: Ball
3-2: Foul Ball, location: 2F
3-2: SINGLE (Groundball, 34S, EV 68.8 MPH) (infield hit)
John Scoras to third
Batting: LHB Dale Holman 0-0: Ball
1-0: Fielders Choice at 2nd, 3-6 (Groundball, 3, EV 86.9 MPH)
John Scoras scores
Batting: RHB Jim Maler 0-0: Ball
1-0: Swinging Strike
1-1: Ball
2-1: Swinging Strike
2-2: Strikes out swinging
Bottom of the 3rd over - 1 run, 2 hits, 0 errors, 1 left on base; Manchester 1 - Waterbury 2
TOP OF THE 4TH
Manchester Fisher Cats batting - Pitching for Waterbury Rough Riders : LHP Ricky Mendoza
Batting: LHB Mike Ciampa 0-0: Fly out, F6 (Flyball, 56D, EV 85.0 MPH)
Batting: LHB Tim Derryberry 0-0: Ball
1-0: Called Strike
1-1: Ground out 3-1 (Groundball, 34, EV 101.3 MPH)
Batting: RHB Alex Rodriguez 0-0: Called Strike
0-1: Ball
1-1: Ball
2-1: Swinging Strike
2-2: Ground out 6-3 (Groundball, 6M, EV 83.8 MPH)
Top of the 4th over - 0 runs, 0 hits, 0 errors, 0 left on base; Manchester 1 - Waterbury 2
BOTTOM OF THE 4TH
Waterbury Rough Riders batting - Pitching for Manchester Fisher Cats : RHP Peter Teixeira
Batting: RHB Junior Ortiz 0-0: Called Strike
0-1: Ball
1-1: Ball
2-1: Ground out 6-3 (Groundball, 6MD, EV 88.1 MPH)
Batting: RHB David Corman 0-0: Called Strike
0-1: Foul Ball, location: 2F
0-2: Ball
1-2: Foul Ball, location: 2F
1-2: Ball
2-2: Foul Ball, location: 2F
2-2: Ground out 6-3 (Groundball, 4MS, EV 86.9 MPH)
Batting: LHB Wilson Tucker 0-0: Called Strike
0-1: Foul Ball, location: 2F
0-2: Ball
1-2: Ball
2-2: Ball
3-2: Ground out 4-3 (Groundball, 4, EV 102.5 MPH)
Bottom of the 4th over - 0 runs, 0 hits, 0 errors, 0 left on base; Manchester 1 - Waterbury 2
TOP OF THE 5TH
Manchester Fisher Cats batting - Pitching for Waterbury Rough Riders : LHP Ricky Mendoza
Batting: LHB Herbert Orensky 0-0: Ball
1-0: Ball
2-0: Called Strike
2-1: Foul Ball, location: 2F
2-2: Ball
3-2: SINGLE (Groundball, 34D, EV 95.6 MPH)
Batting: RHB Donell Nixon 0-0: Called Strike
0-1: SINGLE (Flyball, 4D, EV 91.3 MPH)
Herbert Orensky to second
Batting: RHB Reymundo Estevez 0-0: Ball
1-0: Sac Bunt to P - play at first, batter OUT! 1-4
Herbert Orensky to third
Donell Nixon to second
Batting: RHB Tony Stevens 0-0: Ball
1-0: Ball
2-0: 3-RUN HOME RUN (Flyball, 7LD, EV 103.8 MPH), Distance : 367 ft
Batting: RHB Paul Croft 0-0: Ground out U3 (Groundball, 3, EV 106.3 MPH)
Batting: SHB Danny Hernandez 0-0: Ball
1-0: Foul Ball, location: 2F
1-1: Swinging Strike
1-2: Ball
2-2: Foul Ball, location: 2F
2-2: Strikes out swinging
Top of the 5th over - 3 runs, 3 hits, 0 errors, 0 left on base; Manchester 4 - Waterbury 2
BOTTOM OF THE 5TH
Waterbury Rough Riders batting - Pitching for Manchester Fisher Cats : RHP Peter Teixeira
Batting: RHB Daniel Purpura 0-0: Bunt missed!
0-1: Swinging Strike
0-2: Foul Ball, location: 2F
0-2: Foul Ball, location: 2F
0-2: SINGLE (Line Drive, 34D, EV 98.8 MPH)
Batting: RHB John Scoras 0-0: Ball
1-0: Grounds into double play, 5-4-3 (Groundball, 5S, EV 88.1 MPH)
Batting: RHB Jackie Gutierrez 0-0: Fly out, F9 (Flyball, 9LM, EV 87.5 MPH)
Bottom of the 5th over - 0 runs, 1 hit, 0 errors, 0 left on base; Manchester 4 - Waterbury 2
TOP OF THE 6TH
Manchester Fisher Cats batting - Pitching for Waterbury Rough Riders : LHP Ricky Mendoza
Batting: LHB Mike Ciampa 0-0: Swinging Strike
0-1: Swinging Strike
0-2: Ground out U3 (Groundball, 3, EV 83.8 MPH)
Batting: LHB Tim Derryberry 0-0: Called Strike
0-1: Ball
1-1: Ball
2-1: Ground out 4-3 (Groundball, 4, EV 85.0 MPH)
Batting: RHB Alex Rodriguez 0-0: Called Strike
0-1: Ball
1-1: Foul Ball, location: 2F
1-2: Foul Ball, location: 2F
1-2: Ball
2-2: Fly out, F8 (Flyball, 8RD, EV 88.1 MPH)
Top of the 6th over - 0 runs, 0 hits, 0 errors, 0 left on base; Manchester 4 - Waterbury 2
BOTTOM OF THE 6TH
Waterbury Rough Riders batting - Pitching for Manchester Fisher Cats : RHP Peter Teixeira
Batting: LHB Mauricio Medina 0-0: Called Strike
0-1: Ball
1-1: Ball
2-1: Called Strike
2-2: Fly out, F9 (Flyball, 89M, EV 85.0 MPH)
Batting: LHB Dale Holman 0-0: Swinging Strike
0-1: Foul Ball, location: 2F
0-2: Ball
1-2: SINGLE (Groundball, 34D, EV 98.1 MPH)
Batting: RHB Jim Maler 0-0: Ball
1-0: Called Strike
1-1: Ball
2-1: Ball
3-1: Foul Ball, location: 2F
3-2: Foul Ball, location: 2F
3-2: Foul Ball, location: 2F
3-2: Fielders Choice at 2nd, 5-4 (Groundball, 5S, EV 91.9 MPH)
Batting: RHB Junior Ortiz 0-0: Foul Ball, location: 2F
0-1: Called Strike
0-2: Ball
1-2: Ball
2-2: Ground out 2-3 (Groundball, 2L, EV 70.0 MPH)
Bottom of the 6th over - 0 runs, 1 hit, 0 errors, 1 left on base; Manchester 4 - Waterbury 2
TOP OF THE 7TH
Manchester Fisher Cats batting - Pitching for Waterbury Rough Riders : LHP Ricky Mendoza
Batting: LHB Herbert Orensky 0-0: Ball
1-0: Ball
2-0: Called Strike
2-1: Ball
3-1: TRIPLE (Line Drive, 8RXD, EV 102.5 MPH)
Batting: RHB Donell Nixon 0-0: Intentional Walk
Batting: RHB Reymundo Estevez 0-0: Ball
1-0: Fly out, F9 (Flyball, 9, EV 81.9 MPH)
Runner from 3rd tags up, OUT at HOME! 9-2
Donell Nixon to second
Batting: RHB Tony Stevens 0-0: SINGLE (Groundball, 6MD, EV 103.1 MPH)
Donell Nixon to third
Runner from 3rd tries for Home, SAFE, throw by CF to home
Tony Stevens to second
Batting: RHB Paul Croft 0-0: SINGLE (Flyball, 34D, EV 88.8 MPH)
Tony Stevens to third
Runner from 3rd tries for Home, SAFE, throw by RF to home
Pitching: RHP Arcadio Cruz
Batting: SHB Danny Hernandez 0-0: Fielders Choice at 2nd, 5-4 (Groundball, 56, EV 80.0 MPH)
Top of the 7th over - 2 runs, 3 hits, 0 errors, 1 left on base; Manchester 6 - Waterbury 2
BOTTOM OF THE 7TH
Waterbury Rough Riders batting - Pitching for Manchester Fisher Cats : RHP Peter Teixeira
Now in RF: Mel Hall
Batting: RHB David Corman 0-0: Ground out 5-3 (Groundball, 56, EV 77.5 MPH)
Batting: LHB Wilson Tucker 0-0: Called Strike
0-1: Foul Ball, location: 2F
0-2: Reached on error, E8 (Flyball, 8LD, EV 89.4 MPH)
Batting: RHB Daniel Purpura 0-0: Foul Ball, location: 2F
0-1: Foul Ball, location: 2F
0-2: Foul Ball, location: 2F
0-2: Strikes out swinging
Batting: RHB John Scoras 0-0: SINGLE (Line Drive, 34D, EV 107.5 MPH)
Wilson Tucker to third
Runner from 3rd tries for Home, SAFE, throw by RF to home
Batting: RHB Jackie Gutierrez 0-0: Called Strike
John Scoras is caught stealing 2nd base 2-4
Bottom of the 7th over - 1 run, 1 hit, 1 error, 0 left on base; Manchester 6 - Waterbury 3
TOP OF THE 8TH
Manchester Fisher Cats batting - Pitching for Waterbury Rough Riders : RHP Arcadio Cruz
Batting: LHB Mike Ciampa 0-0: Foul Ball, location: 2F
0-1: Ball
1-1: Foul Ball, location: 2F
1-2: Foul Ball, location: 2F
1-2: Foul Ball, location: 2F
1-2: Ball
2-2: Ball
3-2: Foul Ball, location: 2F
3-2: DOUBLE (Flyball, 8RD, EV 110.0 MPH)
Batting: LHB Tim Derryberry 0-0: Intentional Walk
Batting: RHB Alex Rodriguez 0-0: Bunt missed!
0-1: Sac Bunt to 15S - play at first, batter OUT! 1-4
Mike Ciampa to third
Tim Derryberry to second
Batting: LHB Herbert Orensky 0-0: Called Strike
0-1: Fly out, F8 (Line Drive, 8LM, EV 92.5 MPH)
Runner from 3rd tags up, SCORES, no throw by CF
Batting: LHB Mel Hall 0-0: Foul Ball, location: 2F
0-1: Ball
1-1: Ball
2-1: Ball
3-1: Base on Balls
Batting: RHB Reymundo Estevez 0-0: Foul Ball, location: 2F
0-1: Foul Ball, location: 2F
0-2: Ball
1-2: Ball
2-2: Foul Ball, location: 2F
2-2: Ground out 5-3 (Groundball, 56S, EV 73.8 MPH)
Top of the 8th over - 1 run, 1 hit, 0 errors, 2 left on base; Manchester 7 - Waterbury 3
BOTTOM OF THE 8TH
Waterbury Rough Riders batting - Pitching for Manchester Fisher Cats : RHP Peter Teixeira
Batting: RHB Jackie Gutierrez 0-0: Ball
1-0: Ground out 6-3 (Groundball, 4M, EV 96.9 MPH)
Batting: LHB Mauricio Medina 0-0: Swinging Strike
0-1: Ball
1-1: Foul Ball, location: 2F
1-2: Foul Ball, location: 2F
1-2: SINGLE (Line Drive, 78M, EV 93.1 MPH)
Batting: LHB Dale Holman 0-0: Called Strike
0-1: Ball
1-1: Ball
2-1: Foul Ball, location: 2F
2-2: Strikes out looking
Batting: RHB Jim Maler 0-0: Fly out, F2 (Popup, 25F, EV 86.9 MPH)
Bottom of the 8th over - 0 runs, 1 hit, 0 errors, 1 left on base; Manchester 7 - Waterbury 3
TOP OF THE 9TH
Manchester Fisher Cats batting - Pitching for Waterbury Rough Riders : RHP Arcadio Cruz
Batting: RHB Tony Stevens 0-0: Ball
1-0: Ball
2-0: Ball
3-0: Called Strike
3-1: Swinging Strike
3-2: SOLO HOME RUN (Flyball, 7D, EV 108.1 MPH), Distance : 357 ft
Batting: RHB Paul Croft 0-0: Ball
1-0: Fly out, F9 (Flyball, 89S, EV 85.6 MPH)
Batting: SHB Danny Hernandez 0-0: Foul Ball, location: 2F
0-1: Ball
1-1: SINGLE (Groundball, 3S, EV 67.5 MPH) (infield hit)
Batting: LHB Mike Ciampa 0-0: Foul Ball, location: 2F
0-1: Ball
1-1: Ball
2-1: SINGLE (Groundball, 34D, EV 103.8 MPH) (infield hit)
Danny Hernandez to second
Batting: LHB Tim Derryberry 0-0: Ball
1-0: Ball
2-0: Ball
3-0: Called Strike
3-1: Base on Balls
Danny Hernandez to third
Mike Ciampa to second
Batting: RHB Alex Rodriguez 0-0: Ball
1-0: Ball
2-0: Called Strike
2-1: Ball
3-1: Base on Balls
Danny Hernandez scores
Mike Ciampa to third
Tim Derryberry to second
Batting: LHB Herbert Orensky 0-0: Ball
1-0: Ball
2-0: Ball
3-0: Base on Balls
Mike Ciampa scores
Tim Derryberry to third
Alex Rodriguez to second
Batting: LHB Mel Hall 0-0: Foul Ball, location: 2F
0-1: Swinging Strike
0-2: Fly out, F7 (Flyball, 7, EV 89.4 MPH)
Runner from 3rd tags up, SCORES, throw by LF
Batting: RHB Reymundo Estevez 0-0: Ball
1-0: Ball
2-0: Ball
3-0: Called Strike
3-1: Swinging Strike
3-2: Ground out 5-3 (Groundball, 56, EV 80.0 MPH)
Top of the 9th over - 4 runs, 3 hits, 0 errors, 2 left on base; Manchester 11 - Waterbury 3
BOTTOM OF THE 9TH
Waterbury Rough Riders batting - Pitching for Manchester Fisher Cats : RHP Peter Teixeira
Batting: RHB Junior Ortiz 0-0: Fly out, F3 (Line Drive, 3, EV 76.3 MPH)
Pinch Hitting: RHB Patrick Corcoran 0-0: Fly out, F8 (Flyball, 8RM, EV 92.5 MPH)
Batting: LHB Wilson Tucker 0-0: Foul Ball, location: 2F
0-1: Ball
1-1: Foul Ball, location: 2F
1-2: Foul Ball, location: 2F
1-2: Ball
2-2: Ball
3-2: Fly out, F9 (Flyball, 9S, EV 84.4 MPH)
Bottom of the 9th over - 0 runs, 0 hits, 0 errors, 0 left on base; Manchester 11 - Waterbury 3
Sunday, June 21st, 2020 - OOTP Baseball 21.4 Build 63